Unix NetHack Version 5.0.0-0 post-release - last build Jul 14 2026 02:55:29 (1809b74e8187c3a3585e283601c3028b46cbbdcb,branch:main).

Game began 2026-07-14 06:24:09, ended 2026-07-14 06:27:33.

Brudee, chaotic female human Rogue

                          ...
                          ....
                         .........
                         ..%.)..<.
                         .....@...
                          ......
                           ...

Brudee the Cutpurse     St:17 Dx:18 Co:13 In:11 Wi:10 Ch:6  Chaotic S:509
Dlvl:5  $:33 HP:0(21) Pw:9(9) AC:2  Xp:3/69 T:396 

Latest messages:
 What do you want to wear? [p or ?*] p
 You hear a nearby zap.
 The magic missile whizzes by you!
 You finish your dressing maneuver.
 i - 3 +0 daggers (at the ready) (6 in total).
 You hear a nearby zap.
 The magic missile hits you!
 In what direction? n
 You throw 2 daggers.
 The 1st dagger hits it!
 You kill it!
 You see here a hooded cloak.
 You see here a dagger.
 i - a +0 dagger (at the ready) (5 in total).
 q - an ebony wand.
 r - an elven dagger.
 s - a fortune cookie.
 t - a black gem.
 The gnome picks up a +0 dagger.
 You see here a dagger.
 In what direction? h
 The dagger hits the gnome.
 In what direction? h
 You kill the gnome!
 i - 3 +0 daggers (at the ready) (6 in total).
 i - 2 +0 daggers (at the ready) (8 in total).
 i - a +0 dagger (at the ready) (9 in total).
 i - 6 +0 daggers (at the ready) (15 in total).
 u - a cram ration.
 You see here a hooded cloak.
 v - a hooded cloak.
 What do you want to wear? [v or ?*] v
 You are now wearing a hooded cloak.
 You see here a dagger.
 You miss the gnome.
 You hit the gnome.
 The gnome thrusts her dagger.
 The gnome hits!
 You hit the gnome.
 The gnome turns to flee.
 You hear a nearby zap.
 The wand hits the gnome!
 The gnome resists!
 The gnome is killed!
 The wand misses you.
 You hear a nearby zap.
 The wand hits you!
 You die...
 Do you want your possessions identified? [ynq] (y) y
 Do you want to see your attributes? [ynq] (y) q

Inventory:
 Coins    ('$')
  $ - 33 gold pieces
 Weapons  (')')
  b - a +0 dagger (alternate weapon; not wielded)
  i - 15 +0 daggers (at the ready)
  r - a blessed +2 elven dagger
  a - a +0 short sword (weapon in right hand)
 Armor    ('[')
  h - a blessed rustproof +2 orcish helm (being worn)
  p - an uncursed +0 pair of iron shoes (being worn)
  v - an uncursed +0 dwarvish cloak (being worn)
  c - an uncursed +1 leather armor (being worn)
 Comestibles  ('%')
  u - an uncursed cram ration
  s - an uncursed fortune cookie
 Scrolls  ('?')
  j - an uncursed scroll of amnesia
  k - an uncursed scroll of destroy armor
  o - 2 uncursed scrolls of teleportation
 Spellbooks  ('+')
  g - an uncursed spellbook of extra healing
  l - an uncursed spellbook of knock
 Potions  ('!')
  n - 4 uncursed potions of healing
  m - a cursed potion of speed
  d - an uncursed potion of water
 Wands    ('/')
  q - a cursed wand of magic missile (0:4)
 Tools    ('(')
  f - an empty uncursed sack
  e - an uncursed lock pick
 Gems/Stones  ('*')
  t - an uncursed black opal

Brudee the Rogue's attributes:

Background:
 You were a Cutpurse, a level 3 female human Rogue.
 You were chaotic, on a mission for Kos
 who was opposed by Issek (lawful) and Mog (neutral).
 You were right-handed.
 You were in the Gnomish Mines, on level 5.
 You entered the dungeon 396 turns ago.
 There was a new moon in effect when your adventure ended.
 You had 69 experience points, 11 more were needed to attain level 4.
 Your score was 509 before end-of-game adjustments.

Basics:
 You had 0 out of 21 hit points.
 You had all 9 energy points (spell power).
 Your armor class was 2.
 Your wallet contained 33 zorkmids.
 Autopickup was on for '$!=+?/"' plus thrown.

Final Characteristics:
 Your strength was 17 (limit:18/100).
 Your dexterity was 18 (limit:18).
 Your constitution was 13 (limit:18).
 Your intelligence was 11 (limit:18).
 Your wisdom was 10 (limit:18).
 Your charisma was 6 (limit:18).

Final Status:
 You weren't hungry.
 You were unencumbered.
 You were wielding a short sword.
 You had basic skill with short sword.

Final Attributes:
 You were fervently aligned.
 Your items were somewhat protected from fire.
 Your items were somewhat protected from cold.
 You were stealthy.
 You were warded.
 You are dead.

Miscellaneous:
 You didn't encounter any bones levels.
 Total elapsed playing time was 3 minutes and 23 seconds.

Major events:
 Turn
    1: Brudee the chaotic female human Rogue entered the dungeon
  360: entered the Gnomish Mines
  369: attained the rank of Cutpurse (level 3)
  396: killed by a wand

You didn't know any spells.

Skills:
 Fighting Skills
   bare handed combat [Unskilled]
   two weapon combat  [Unskilled]
   riding             [Unskilled]
 Weapon Skills
   dagger             [Basic]
   knife              [Unskilled]
   short sword        [Basic]
   broadsword         [Unskilled]
   long sword         [Unskilled]
   two-handed sword   [Unskilled]
   saber              [Unskilled]
   club               [Unskilled]
   mace               [Unskilled]
   morning star       [Unskilled]
   flail              [Unskilled]
   hammer             [Unskilled]
   polearms           [Unskilled]
   spear              [Unskilled]
   crossbow           [Unskilled]
   dart               [Unskilled]
   shuriken           [Unskilled]
 Spellcasting Skills
   divination spells  [Unskilled]
   escape spells      [Unskilled]
   matter spells      [Unskilled]

Voluntary challenges:
 Character rerolling was not enabled.
 You were an atheist.
 You were illiterate.
 You never genocided any monsters.
 You never polymorphed an object.
 You never changed form.
 You used no wishes.
Achievements:
 You entered a shop.
 You entered the Gnomish Mines.
 You attained the rank of Cutpurse.

 The Dungeons of Doom: levels 1 to 4
    Level 1:
    Level 2:
       Some fountains.
    Level 3:
       A tool shop, a sink, a grave.
    Level 4:
       Stairs down to The Gnomish Mines.
 The Gnomish Mines:
    Level 5: <- You were here.
       Final resting place for
          you, killed by a wand.


Vanquished creatures:
  a gnome leader
  a dwarf
  a hobbit
  5 gnomes
  2 jackals
  a goblin
  2 newts
13 creatures vanquished.

No species were genocided or became extinct.

Game over:
                       ----------
                      /          \
                     /    REST    \
                    /      IN      \
                   /     PEACE      \
                  /                  \
                  |      Brudee      |
                  |      33 Au       |
                  | killed by a wand |
                  |                  |
                  |                  |
                  |                  |
                  |       2026       |
                 *|     *  *  *      | *
        _________)/\\_//(\/(/\)/\//\/|_)_______

Goodbye Brudee the Rogue...

You died in The Gnomish Mines on dungeon level 5 with 506 points,
and 33 pieces of gold, after 396 moves.
You were level 3 with a maximum of 21 hit points when you died.

